 Dungeon Crawl Stone Soup version 0.28.0-53-g5a82cb258f (webtiles) character file.

Game seed: 770641616790815260

63255 Peloso the Fencer (level 14, -11/129 HPs)
             Began as a Minotaur Fighter on June 3, 2022.
             Was the Champion of Okawaru.
             Killed from afar by a deep elf pyromancer (14 damage)
             ... with a bolt of fire
             ... on level 1 of the Elven Halls.
             The game lasted 00:55:53 (26756 turns).

Peloso the Fencer (Minotaur Fighter)               Turns: 26756, Time: 00:55:53

Health: -11/129    AC: 20    Str: 29    XL:     14   Next: 67%
Magic:  0/16       EV: 17    Int:  5    God:    Okawaru [******]
Gold:   1637       SH:  8    Dex: 19    Spells: 13/13 levels left

rFire   . . .      SeeInvis .   a - +6 long sword of Fear {flame, rPois}
rCold   . . .      Faith    .   c - +0 buckler
rNeg    . . .      Spirit   +   q - quicksilver dragon scales of Green Awe {rElec Will+ Str+3 Stlth+}
rPois   +          Reflect  .   M - +1 hat of Indomitability {Fly Str+3}
rElec   +          Harm     .   (no cloak)
rCorr   .          Rampage  .   f - +2 pair of gloves {hurl}
Will    +++..                   H - +0 pair of boots of the Lotus Blossom {Will+}
Stlth   ++........              v - amulet of guardian spirit
HPRegen 0.31/turn               o - ring of poison resistance
MPRegen 0.15/turn               F - +6 ring of dexterity

@: on fire, flying, glowing
A: horns 2, retaliatory headbutt
a: Renounce Religion, Heroism, Finesse, Duel


You were on level 1 of the Elven Halls.
You worshipped Okawaru.
Okawaru was exalted by your worship.
You visited 5 branches of the dungeon, and saw 20 of its levels.
You also visited: Bailey and Volcano.

You collected 2199 gold pieces.
You spent 562 gold pieces at shops.

Inventory:

Hand Weapons
 a - the +6 long sword of Fear (weapon) {flame, rPois}
   (Okawaru gifted it to you on level 2 of the Orcish Mines)

   It burns those it strikes, dealing additional fire damage.
   Big, fiery blades are also staple armaments of hydra-hunters.
   rPois:     It protects you from poison.
 b - the +9 hand axe of Paper {flame, rN+ Int+4 Stlth+}
   (You found it on level 9 of the Dungeon)

   It burns those it strikes, dealing additional fire damage.
   Big, fiery blades are also staple armaments of hydra-hunters.
   Int:       It affects your intelligence (+4).
   rN:        It protects you from negative energy.
   Stlth:     It makes you more stealthy.
 C - a +1 quick blade of flaming
Armour
 c - a +0 buckler (worn)
 f - a +2 pair of gloves of hurling (worn)
 q - the quicksilver dragon scales of Green Awe (worn) {rElec Will+ Str+3 Stlth+}
   (You acquired it in a volcano)

   Str:       It affects your strength (+3).
   rElec:     It insulates you from electricity.
   Will:      It increases your willpower.
   Stlth:     It makes you more stealthy.
 H - the +0 pair of boots of the Lotus Blossom (worn) {Will+}
   (You acquired it on level 13 of the Dungeon)

   Will:      It increases your willpower.
 L - a +1 plate armour of fire resistance
 M - the +1 hat of Indomitability (worn) {Fly Str+3}
   (Okawaru gifted it to you on level 1 of the Lair of Beasts)

   Str:       It affects your strength (+3).
   Fly:       It grants you flight.
Jewellery
 o - a ring of poison resistance (left hand)
 p - an amulet of the acrobat
 v - an amulet of guardian spirit (around neck)
 F - a +6 ring of dexterity (right hand)
Wands
 d - a wand of digging (9)
 w - a wand of paralysis (7)
 G - a wand of polymorph (5)
 I - a wand of flame (14)
Scrolls
 g - 2 scrolls of silence
 h - a scroll of acquirement
 l - 6 scrolls of immolation
 n - a scroll of fear
 r - 3 scrolls of amnesia
 t - 2 scrolls of noise
 y - 4 scrolls of enchant armour
 z - 4 scrolls of enchant weapon
 D - a scroll of fog
 P - a scroll of summoning {unknown}
 Q - a scroll of blinking {unknown}
Potions
 e - 2 potions of resistance
 i - 2 potions of haste
 j - a potion of might
 k - a potion of heal wounds
 s - a potion of ambrosia
 u - 4 potions of brilliance
 x - a potion of cancellation
 A - 5 potions of curing
 B - 2 potions of flight
 J - 2 potions of invisibility
 K - 2 potions of mutation
 R - a potion of berserk rage {unknown}


   Skills:
 + Level 13.2 Fighting
 + Level 16.3 Long Blades
 + Level 7.5 Axes
 + Level 13.8 Armour
 + Level 9.8 Dodging
 + Level 4.0 Stealth
 + Level 13.0 Shields
 + Level 4.0 Invocations
 + Level 2.7 Evocations


You had 13 spell levels left.
You didn't know any spells.
Your spell library contained the following spells:

 Spells                   Type           Power      Damage    Failure   Level
 Apportation              Tloc           0%         N/A       63%         1
 Dazzling Flash           Conj/Hex       0%         N/A       94%         3
 Frozen Ramparts          Ice            0%         1d2       94%         3
 Inner Flame              Hex/Fire       0%         N/A       94%         3
 Ozocubu's Armour         Ice            0%         N/A       94%         3
 Airstrike                Air            0%         N/A       100%        4
 Anguish                  Hex/Necr       0%         N/A       100%        4
 Cause Fear               Hex            0%         N/A       100%        4
 Hailstorm                Conj/Ice       0%         3d3       100%        4
 Ice Form                 Ice/Tmut       0%         N/A       100%        4
 Iskenderun's Mystic Bla  Conj/Tloc      0%         2d3       100%        4
 Alistair's Intoxication  Tmut/Pois      0%         N/A       100%        5
 Lightning Bolt           Conj/Air       0%         1d11      100%        5
 Metabolic Englaciation   Hex/Ice        0%         N/A       100%        5
 Starburst                Conj/Fire      0%         6d3       100%        6
 Enfeeble                 Hex            0%         N/A       100%        7
 Storm Form               Tmut/Air       0%         N/A       100%        7
 Discord                  Hex            0%         N/A       100%        8
 Maxwell's Capacitive Co  Air            0%         ∞         100%        8
 Tukima's Dance           Hex            Unusable   N/A       N/A         3
 Summon Ice Beast         Ice/Summ       Unusable   N/A       N/A         4
 Summon Lightning Spire   Summ/Air       Unusable   N/A       N/A         4
 Simulacrum               Ice/Necr       Unusable   N/A       N/A         6

Dungeon Overview and Level Annotations

Branches:
Dungeon (13/15)            Temple (1/1) D:4            Lair (3/6) D:8
  Swamp (0/4) Lair:2          Orc (2/2) D:12            Elf (1/3) Orc:2
 Bailey (visited)         Volcano (visited)
  Snake: Lair:2-4    Spider: Lair:2-4    Vaults: D:13-14

Altars:
Ashenzari
Cheibriados
Dithmenos
Elyvilon
Fedhas
Gozag
Hepliaklqana
Kikubaaqudgha
Makhleb
Nemelex Xobeh
Okawaru
Qazlal
Ru
Sif Muna
Trog
Uskayaw
Vehumet
Wu Jian
Xom
Yredelemnul
Zin
The Shining One
Beogh

Shops:
D:3 ?   D:6 **   D:7 !   Orc:2 **((*=

Portals:
Abyss: D:6

Annotations:
D:4 3 runed translucent doors, NoAnimeNoLife's ghost, weakling MiHu
D:6 2 transporters, Dune's ghost, novice MiBe
D:12 3 runed translucent doors, CryoSword's ghost, journeyman DrCj; Holzbalken's ghost, journeyman DsGl
D:13 Frances
Lair:3 1 runed translucent door, Uganofoe's ghost, journeyman PaWr


Innate Abilities, Weirdness & Mutations

You have a pair of horns on your head.
You reflexively headbutt those who attack you in melee.


Message History

The deep elf pyromancer mumbles some strange words.
There is an open door here.
Unknown command.
You slice the deep elf pyromancer!! You burn the deep elf pyromancer!
The deep elf pyromancer is heavily wounded.
You are covered in liquid flames!
* * * LOW HITPOINT WARNING * * *
The deep elf pyromancer hits you with a +0 long sword!
* * * LOW HITPOINT WARNING * * *
The deep elf zephyrmancer gestures wildly while chanting.
The deep elf zephyrmancer blinks!
You closely miss the deep elf pyromancer.
The deep elf pyromancer is heavily wounded.
You are covered in liquid flames!
* * * LOW HITPOINT WARNING * * *
The deep elf pyromancer hits you but does no damage.
The deep elf zephyrmancer gestures wildly while chanting.
The deep elf zephyrmancer blinks!
You slash the deep elf pyromancer! You burn the deep elf pyromancer.
Your headbutt misses the deep elf pyromancer.
The deep elf pyromancer is almost dead.
You block the fire elemental's attack.
Unknown command.
You hit the deep elf pyromancer. You burn the deep elf pyromancer.
The deep elf pyromancer is almost dead.
The fire elemental hits you. The fire elemental burns you!
* * * LOW HITPOINT WARNING * * *
The deep elf pyromancer gestures at you while chanting.
The sticky flame hits you but does no damage.
You are covered in liquid flames!
You barely miss the deep elf pyromancer.
Your headbutt misses the deep elf pyromancer.
The deep elf pyromancer is almost dead.
You are covered in liquid flames!
* * * LOW HITPOINT WARNING * * *
The fire elemental closely misses you. You furiously retaliate!
You headbutt the fire elemental!
The deep elf pyromancer casts a spell at you.
The bolt of fire hits you!
You die...

#.# #+ #.# . #.# . .# #.#
..########. #.# ..........
#.# .........# ##'#
........e##############..#
.......○E@.)..........'...
.....§...##############...
.....e...# #... ......§.##
#..# .>.....## ####
#.....# ######


You could see 2 deep elf pyromancers and a fire elemental (summoned).

Vanquished Creatures
  Gastronok (Lair:3)
  An orc warlord (Orc:2)
  2 boulder beetles
  4 hydras
  4 ogre magi (Orc:2)
  16 two-headed ogres
  A centaur warrior (D:13)
  A death knight (D:13)
  2 dancing weapons (Elf:1)
  A skeletal warrior (D:13)
  3 deep elf archers
  A deep elf zephyrmancer (Elf:1)
  4 orc knights (Bailey)
  3 manticores
  2 orc sorcerers (Orc:2)
  9 deep elf pyromancers
  An ugly thing (D:12)
  2 black mambas (Lair:1)
  8 cyclopes
  2 cane toads
  A gargoyle (D:13)
  2 kobold demonologists (Bailey)
  A rime drake (Lair:2)
  Psyche (D:8)
  A freezing wraith (D:13)
  4 komodo dragons
  3 trolls
  A polar bear (Lair:3)
  A tyrant leech (Lair:2)
  14 slime creatures
  18 blink frogs
  Sigmund (D:2)
  A vampire (D:11)
  A shadow (D:9)
  4 wraiths
  A water elemental (Elf:1)
  23 yaks
  3 fire elementals
  A basilisk (Lair:2)
  3 steam dragons
  2 vampire mosquitoes (D:13)
  6 wargs
  3 swamp worms (Lair:2)
  7 water moccasins
  4 hell hounds (Volcano)
  A swamp drake (D:12)
  3 black bears
  33 orc warriors
  2 ice beasts
  4 sky beasts
  30 ogres
  5 wolves (Lair:3)
  2 phantoms
  5 centaurs
  2 kobold brigands
  10 bullfrogs
  An earth elemental (Elf:1)
  A gnoll sergeant (D:10)
  2 scorpions
  A wyvern skeleton (D:7)
  15 killer bees
  4 wights (D:9)
  6 electric eels
  5 hounds
  4 centaur zombies
  2 jellies
  A bullfrog zombie (D:4)
  A gnoll shaman (D:9)
  15 orc priests
  A bullfrog skeleton (D:6)
  Terence (D:2)
  7 iguanas
  25 orc wizards
  A killer bee zombie (D:8)
  A hound zombie (D:4)
  21 gnolls
  11 adders
  2 shadow imps
  A white imp (D:7)
  An adder skeleton (D:4)
  2 worms (D:2)
  90 orcs
  10 endoplasms
  4 giant cockroaches
  16 hobgoblins
  11 jackals (D:1)
  8 ball pythons
  2 bats
  3 frilled lizards
  16 goblins
  10 kobolds
  2 rats
576 creatures vanquished.

Vanquished Creatures (others)
  An orc wizard (Orc:1)
  13 fungi
  55 plants
  6 withered plants (D:12)
75 creatures vanquished.

Grand Total: 651 creatures vanquished

Notes
Turn   | Place    | Note
-------+----------+-------------------------------------------
     0 | D:1      | Peloso the Minotaur Fighter began the quest for the Orb.
     0 | D:1      | Reached XP level 1. HP: 19/19 MP: 0/0
   281 | D:1      | Reached XP level 2. HP: 24/27 MP: 1/1
   570 | D:1      | Found a faded altar of an unknown god.
   777 | D:1      | Reached XP level 3. HP: 32/33 MP: 2/2
   782 | D:1      | Reached skill level 3 in Long Blades
  1474 | D:2      | Noticed Sigmund
  1559 | D:3      | Reached XP level 4. HP: 40/40 MP: 3/3
  1614 | D:3      | Found Odiutz's Magic Scroll Shop.
  1740 | D:3      | Found a stormy altar of Qazlal.
  2128 | D:3      | Reached skill level 4 in Long Blades
  2464 | D:4      | Reached skill level 1 in Dodging
  2496 | D:4      | Found a staircase to the Ecumenical Temple.
  2508 | Temple   | Entered the Ecumenical Temple
  2550 | Temple   | Became a worshipper of Warmaster Okawaru
  2624 | Temple   | Reached XP level 5. HP: 24/46 MP: 4/4
  2944 | D:4      | Reached skill level 5 in Long Blades
  2944 | D:4      | Reached skill level 5 in Armour
  2944 | D:4      | Reached XP level 6. HP: 43/53 MP: 5/5
  3235 | D:4      | Reached * piety under Okawaru
  3275 | D:4      | Found a faded altar of an unknown god.
  3282 | D:4      | Found a runed translucent gate.
  3283 | D:4      | Found a runed translucent gate.
  3283 | D:4      | Found a runed translucent gate.
  3283 | D:4      | Noticed NoAnimeNoLife's ghost (weakling MiHu)
  3621 | D:3      | Bought 2 scrolls of magic mapping for 84 gold pieces
  4148 | D:2      | Noticed Terence
  4157 | D:2      | Killed Terence
  4158 | D:2      | Reached skill level 6 in Long Blades
  4331 | D:2      | Killed Sigmund
  4332 | D:2      | Reached skill level 5 in Fighting
  4332 | D:2      | Reached XP level 7. HP: 32/61 MP: 6/6
  4544 | D:5      | Entered Level 5 of the Dungeon
  4659 | D:5      | Reached skill level 5 in Shields
  5043 | D:5      | Reached skill level 7 in Long Blades
  5154 | D:5      | Reached ** piety under Okawaru
  5409 | D:5      | Reached XP level 8. HP: 67/69 MP: 4/7
  5603 | D:5      | Reached skill level 8 in Long Blades
  6201 | D:6      | Found a sacrificial altar of Ru.
  6273 | D:6      | Reached skill level 9 in Long Blades
  6273 | D:6      | Reached skill level 1 in Invocations
  6288 | D:6      | Found a transporter.
  6296 | D:6      | Noticed an ancient zyme
  6319 | D:6      | Found a transporter.
  6320 | D:6      | Noticed Dune's ghost (novice MiBe)
  6343 | D:6      | Found a one-way gate to the infinite horrors of the Abyss.
  6354 | D:6      | Noticed an ancient zyme
  6355 | D:6      | Found Osche's Mayhem Merchandise.
  6362 | D:6      | Reached XP level 9. HP: 78/78 MP: 8/8
  6626 | D:6      | Found Dutoyt's Elemental Accessories.
  7082 | D:7      | Reached *** piety under Okawaru
  7256 | D:7      | Reached skill level 10 in Long Blades
  8040 | D:7      | Found Hamiahaja's Distillery.
  8062 | D:7      | Bought a potion of degeneration for 14 gold pieces
  8062 | D:7      | Bought a potion of curing for 42 gold pieces
  8062 | D:7      | Bought a potion of flight for 42 gold pieces
  8386 | D:8      | Noticed a five-headed hydra
  8620 | D:8      | Noticed a two-headed ogre
  8631 | D:8      | Killed a two-headed ogre
  8632 | D:8      | Reached skill level 11 in Long Blades
  8632 | D:8      | Reached skill level 5 in Dodging
  8777 | D:8      | Reached XP level 10. HP: 83/84 MP: 7/9
  8779 | D:8      | Reached **** piety under Okawaru
  8789 | D:8      | Received a gift from Okawaru
  8891 | D:8      | Noticed a two-headed ogre
  8898 | D:8      | Killed a two-headed ogre
  9000 | D:8      | Reached skill level 12 in Long Blades
  9211 | D:8      | Reached skill level 10 in Armour
  9211 | D:8      | Noticed Psyche
  9226 | D:8      | Killed Psyche
  9226 | D:8      | Reached ***** piety under Okawaru
  9227 | D:8      | Reached skill level 1 in Evocations
  9920 | D:8      | Found a staircase to the Lair.
 10580 | D:9      | Found a blossoming altar of Fedhas.
 10704 | D:9      | Found a flagged portal.
 10710 | D:9      | Identified the +9 hand axe of Paper {flame, rN+ Int+4
                  | Stlth+}
 10724 | Bailey   | Entered a bailey
 10993 | Bailey   | Noticed an orc knight
 10994 | Bailey   | Noticed an orc knight
 11029 | Bailey   | Killed an orc knight
 11030 | Bailey   | Reached skill level 13 in Long Blades
 11046 | Bailey   | Killed an orc knight
 11047 | Bailey   | Reached XP level 11. HP: 30/93 MP: 8/11
 11363 | Bailey   | Noticed a soul eater
 11369 | Bailey   | Noticed an orc knight
 11404 | Bailey   | Killed an orc knight
 11600 | Bailey   | Noticed an orc knight
 11661 | Bailey   | Killed an orc knight
 12072 | Bailey   | Found an iron altar of Okawaru.
 12951 | D:9      | Noticed a two-headed ogre
 12961 | D:9      | Killed a two-headed ogre
 13205 | D:9      | Found a radiant altar of Vehumet.
 13582 | D:9      | Found an ornate altar of the Wu Jian Council.
 13758 | D:10     | Entered Level 10 of the Dungeon
 13995 | D:10     | Reached skill level 14 in Long Blades
 14360 | D:10     | Reached skill level 1 in Axes
 14459 | D:10     | Noticed a two-headed ogre
 14474 | D:10     | Killed a two-headed ogre
 14474 | D:10     | Identified the +1 ring mail of Spring Thaw {Slay+2}
                  | (Okawaru gifted it to you on level 10 of the Dungeon)
 14474 | D:10     | Received a gift from Okawaru
 14530 | D:10     | Found a hazy altar of Hepliaklqana.
 14700 | D:10     | Noticed a two-headed ogre
 14712 | D:10     | Killed a two-headed ogre
 15393 | D:11     | Reached XP level 12. HP: 105/105 MP: 13/13
 15961 | Lair:1   | Entered Level 1 of the Lair of Beasts
 16020 | Lair:1   | Found a dark tunnel.
 16029 | Volcano  | Entered a volcano
 16268 | Volcano  | Acquired the quicksilver dragon scales of Green Awe {rElec
                  | Will+ Str+3 Stlth+}
 16377 | Volcano  | Reached skill level 10 in Fighting
 16531 | Volcano  | Reached skill level 1 in Stealth
 17020 | Lair:1   | Noticed an eight-headed hydra
 17034 | Lair:1   | Killed a two-headed hydra
 17170 | Lair:1   | Identified the +1 hat of Indomitability {Fly Str+3}
                  | (Okawaru gifted it to you on level 1 of the Lair of Beasts)
 17170 | Lair:1   | Received a gift from Okawaru
 17865 | Lair:2   | Reached skill level 15 in Long Blades
 17866 | Lair:2   | Reached skill level 10 in Shields
 17923 | Lair:2   | Noticed a six-headed hydra
 17923 | Lair:2   | Noticed an eight-headed hydra
 17938 | Lair:2   | Killed a one-headed hydra
 17939 | Lair:2   | Killed a four-headed hydra
 17981 | Lair:2   | Found a staircase to the Swamp.
 18206 | Lair:2   | Reached XP level 13. HP: 111/115 MP: 14/14
 19552 | Lair:3   | Found a runed translucent door.
 19577 | Lair:3   | Identified the +11 flail of Salt {freeze, rElec Int+4
                  | Dex+2}
 19599 | Lair:3   | Noticed Gastronok
 19626 | Lair:3   | Killed Gastronok
 19680 | Lair:3   | Reached ****** piety under Okawaru
 20043 | Lair:3   | Found a burning altar of Makhleb.
 20293 | Lair:3   | Found a shimmering altar of Xom.
 20293 | Lair:3   | Noticed Uganofoe's ghost (journeyman PaWr)
 20848 | D:12     | You are sucked into a shaft and drop 1 floor!
 20917 | D:13     | Found an iron altar of Okawaru.
 21039 | D:13     | Noticed Frances
 21042 | D:13     | Identified the +9 quarterstaff "Nuqots" {venom, +Blink
                  | Int+3 Stlth-} (Okawaru gifted it to you on level 13 of the
                  | Dungeon)
 21042 | D:13     | Received a gift from Okawaru
 22561 | D:12     | Received a gift from Okawaru
 22848 | D:12     | Found a runed translucent gate.
 22848 | D:12     | Found a runed translucent gate.
 22849 | D:12     | Found a runed translucent gate.
 22850 | D:12     | Noticed CryoSword's ghost (journeyman DrCj)
 22850 | D:12     | Noticed Holzbalken's ghost (journeyman DsGl)
 23673 | D:12     | Found a staircase to the Orcish Mines.
 23864 | Orc:1    | Entered Level 1 of the Orcish Mines
 23901 | Orc:1    | Reached skill level 16 in Long Blades
 24152 | Orc:1    | Reached XP level 14. HP: 118/127 MP: 15/15
 24724 | Orc:2    | Entered Level 2 of the Orcish Mines
 24812 | Orc:2    | Reached skill level 5 in Axes
 24833 | Orc:2    | HP: 5/127 [two-headed ogre/+0 giant club (4)]
 24851 | Orc:2    | Noticed an orc warlord
 24969 | Orc:2    | Identified the +6 long sword of Fear {flame, rPois}
                  | (Okawaru gifted it to you on level 2 of the Orcish Mines)
 24969 | Orc:2    | Received a gift from Okawaru
 25165 | Orc:2    | Found a staircase to the Elven Halls.
 25327 | Orc:2    | Found Omogifi's Antique Weapon Emporium.
 25327 | Orc:2    | Found Byshrergh's Weapon Shop.
 25328 | Orc:2    | Found Feduliakepu's General Store.
 25328 | Orc:2    | Found Reveu's Jewellery Shoppe.
 25336 | Orc:2    | Bought a wand of digging (9) for 338 gold pieces
 25379 | Orc:2    | Found Udesmame's General Store.
 25484 | Orc:2    | Found Pumpao's Specific Store.
 25492 | Orc:2    | Bought a scroll of fear for 42 gold pieces
 26030 | Orc:2    | Killed an orc warlord
 26404 | Orc:2    | Acquired the +0 pair of boots of the Lotus Blossom {Will+}
 26445 | Elf:1    | Entered Level 1 of the Elven Halls
 26730 | Elf:1    | HP: 3/129 [+2 broad axe of freezing (5)]
 26730 | Elf:1    | HP: 1/129 [+2 broad axe of freezing (2)]
 26739 | Elf:1    | HP: 5/129 [fire elemental[a deep elf pyromancer] (6)]
 26755 | Elf:1    | HP: 5/129 [fire elemental[a deep elf pyromancer] (4)]
 26756 | Elf:1    | HP: 2/129 [burnt (3)]
 26756 | Elf:1    | Killed from afar by a deep elf pyromancer

Illustrated notes

Levels and vault maps discovered:
D:1:      dpeg_arrival_water_temple_mockup, layout_basic,
          hellmonk_ecumenical_altar_dog_temple
D:2:      layout_loops_ring, minmay_crystal_water, uniq_terence, uniq_sigmund
D:3:      layout_basic, mainiacjoe_overflow_six_doors_small, serial_shops,
          nicolae_shop_window_shopping, kennysheep_boxes
D:4:      layout_cave_pools, minmay_temple_entry_gardened_gates,
          serial_column_ruins, column_ruins_temple_hall, column_ruins_hut,
          column_ruins_grid_1, column_ruins_columns_corner,
          column_ruins_corridor_straight, column_ruins_open_tiny,
          column_ruins_open_small, gammafunk_ghost_nasty_kobolds,
          serial_bayou_pond_c
D:5:      layout_basic, dk_rats_in_the_wall
D:6:      layout_basic, nicolae_ru_awakened_eye, gammafunk_ghost_abyssal_escape,
          nicolae_elemental_shop, minmay_shop_mayhem, amcnicky_mini_pool_small,
          minmay_misc_feat_room
D:7:      layout_basic, serial_bayou, serial_bayou_crossing,
          serial_bayou_pond_e, serial_bayou_lagoon_a, serial_bayou_pond_c,
          serial_shops, shop
D:8:      layout_loops_ring, david_lair_shrubbed, minmay_stone_trees_small,
          grunt_ministairs_6, hangedman_misty_isle, uniq_psyche
D:9:      layout_stronghold, mainiacjoe_overflow_big_doors,
          nicolae_wu_jian_immortal_techniques, enter_bailey_2
D:10:     layout_long_grid, worldfamousw_hep_ancestral_shrine, nicolae_sextant,
          serial_park_tiny_2, small_statue_intersection
D:11:     layout_stronghold, minmay_misc_feat_tower, library_closet
D:12:     layout_long_grid, erik_orc_1, gammafunk_ghost_cemetery, special_room
          [special_room_orc]
D:13:     layout_grid_maze, gauntlet_entry_generic, minmay_misc_feat_tiny,
          kennysheep_okawaru_gauntlet, uniq_frances
Temple:   compressed_dpeg_circular_temple
Lair:1:   layout_concentric_octagons, enter_volcano_1
Lair:2:   layout_small_grid, palyth_hydra_swamp_entry
Lair:3:   layout_roguey, ebering_ghost_xom, basic_altar,
          infiniplex_staircase_pool, grunt_megastairs_1, uniq_gastronok
Orc:1:    layout_diamond_mine, mines1_david
Orc:2:    st_orc_ogre_mass, layout_caves, basic_altar, nicolae_specific_store,
          nicolae_orc_stony_grotto
Elf:1:    eino_elf_arrival_shootout, layout_geoelf_octagon, serial_shops, shop,
          minmay_elf_sorcery

Skill      XL: |  1  2  3  4  5  6  7  8  9 10 11 12 13 14 |
---------------+-------------------------------------------+-----
Armour         | 4 5 6 7 8 10 11 13 | 13.8
Shields        | 4 5 6 7 8 10 11 13 | 13.0
Long Blades    | 3 4 5 6 7 9 11 13 14 15 16 | 16.3
Fighting       | 4 5 6 7 9 10 12 13 | 13.2
Dodging        | 1 2 3 5 6 8 9 |  9.8
Invocations    | 1 2 3 4 |  4.0
Evocations     | 2 |  2.7
Axes           | 3 4 7 |  7.5
Stealth        | 2 3 4 |  4.0

Action                   |  1- 3 |  4- 6 |  7- 9 | 10-12 | 13-15 || total
-------------------------+-------+-------+-------+-------+-------++-------
Melee: Long sword        |   116 |   151 |   267 |   286 |   167 ||   987
       Headbutt          |    13 |    29 |    65 |   180 |   267 ||   554
       Unarmed           |       |       |       |     2 |       ||     2
       Falchion          |       |       |       |   441 |   709 ||  1150
       Hand axe          |       |       |       |    38 |    30 ||    68
Invok: Heroism           |       |       |     9 |    29 |     8 ||    46
       Finesse           |       |       |       |     3 |       ||     3
Evoke: Wand              |       |       |     5 |    11 |     5 ||    21
  Use: Scroll            |     1 |     2 |     4 |     7 |    11 ||    25
       Potion            |     1 |       |       |     7 |     7 ||    15
 Stab: Invisible         |       |       |       |     1 |       ||     1
       Sleeping          |       |       |       |     2 |     8 ||    10
       Distracted        |       |       |       |     1 |       ||     1
       Confused          |       |       |       |       |     2 ||     2
Armor: Scale mail        |    59 |    68 |    58 |       |       ||   185
       Chain mail        |       |       |    10 |    42 |       ||    52
       Skin              |       |       |       |     1 |       ||     1
       Plate armour      |       |       |       |   201 |       ||   201
       Quicksilver drago |       |       |       |    70 |   264 ||   334
Dodge: Dodged            |    55 |    65 |   122 |   308 |   483 ||  1033
Block: Buckler           |    38 |    40 |    61 |   213 |   294 ||   646
